 Dungeon Crawl Stone Soup version 0.22-a0-354-g30dfbe6 (webtiles) character file.

9 Kairos the Skirmisher (level 2, 16/16 HPs)
             Began as a Vine Stalker Fighter on Apr 16, 2018.
             Got out of the dungeon alive.
             The game lasted 00:00:23 (464 turns).

Kairos the Skirmisher (Vine Stalker Fighter)         Turns: 464, Time: 00:00:24

Health: 16/16      AC:  7    Str: 18    XL:     2   Next: 12%
Magic:  3/3        EV:  7    Int:  8    God:
Gold:   37         SH:  9    Dex: 13    Spells: 1/1 levels left

rFire    . . .     SeeInvis .   a - +0 flail
rCold    . . .     Gourm    .   c - +0 shield
rNeg     . . .     Faith    .   b - +0 scale mail
rPois    .         Spirit   +   e - +0 helmet
rElec    .         Reflect  .   (no cloak)
rCorr    .         Harm     .   (no gloves)
MR       .....                  (no boots)
Stlth    ..........             (no amulet)
HPRegen  0.05/turn              (no ring)
MPRegen  0.08/turn              (no ring)

@: no status effects
A: fangs 2, magic shield, antimagic bite, no potion heal 3, rot immunity
a: no special abilities


You escaped.
You were not hungry.

You visited 1 branch of the dungeon, and saw 1 of its levels.

You collected 37 gold pieces.

Inventory:

Hand Weapons
 a - a +0 flail (weapon)
Armour
 b - a +0 scale mail (worn)
 c - a +0 shield (worn)
 e - a +0 helmet (worn)
Scrolls
 h - a scroll of identify {unknown}
 j - a scroll of noise {unknown}
 l - a scroll of blinking {unknown}
Potions
 d - a potion of might
 g - a potion of haste {unknown}
 i - a potion of magic {unknown}
 k - a potion of ambrosia {unknown}
Comestibles
 f - 2 rations


   Skills:
 + Level 2.9 Fighting
 + Level 1.8 Maces & Flails
 + Level 2.6 Armour
 + Level 2.8 Shields


You had one spell level left.
You didn't know any spells.

Dungeon Overview and Level Annotations

Branches:
Dungeon (1/15)

Altars:


Innate Abilities, Weirdness & Mutations

You have extremely sharp teeth.
When hurt, damage is shared between your health and your magic reserves.
Your bite disrupts and absorbs the magic of your enemies.
Potions cannot restore your health.
You are immune to rotting.


Message History

The bat is moderately wounded.
The bat closely misses you. The bat hits you but does no damage.
You closely miss the bat. The bat hits you but does no damage. x2
You block the bat's attack.
A bat is nearby!
A bat is nearby!
You closely miss the bat. The bat hits you but does no damage. x2
The bat completely misses you. The bat hits you but does no damage.
You closely miss the bat.
You kill the bat!
No target in view!
No target in view!
You see here a club.
You see here a bat corpse.
You see here 19 arrows.
You see here 26 stones.
There is a staircase leading out of the dungeon here.
Are you sure you want to leave the Dungeon?
This will make you lose the game!
You have escaped!

#......... ######## #.....>...
####......#### ##........ .#
##....(.......## #........ .#
#......####....###........
#.###....#######....##........
#.##....##.....##...###......#
#.#....###..##.###..###......#
####.#....##..##@.###..##.......#
.....#....##...#####..###......##
###..#....###...###...##.......#
.##..##....##........###......##
.##..##.....###....####.......#
.##..###.....########........##
.##..# ##......####.........## #
.....## ##.................## ##
####.†## ###.............#######.


There were no monsters in sight!

Vanquished Creatures
  A dart slug (D:1)
  2 goblins (D:1)
  4 bats (D:1)
  2 frilled lizards (D:1)
9 creatures vanquished.

Notes
Turn   | Place    | Note
-------+----------+-------------------------------------------
     0 | D:1      | Kairos the Vine Stalker Fighter began the quest for the Orb.
     0 | D:1      | Reached XP level 1. HP: 11/11 MP: 2/2
   306 | D:1      | Reached XP level 2. HP: 16/16 MP: 3/3
   464 | D:$      | Got out of the dungeon alive.

Vault maps used:
D:1:      dpeg_arrival_snail

Action                   || total
-------------------------++-------
Melee: Flail             ||    28
       Bite              ||     7
Armor: Scale mail        ||    21
Dodge: Dodged            ||     9
Block: Shield            ||    18

Table legend:
 A = Spawn XP
 B = Non-spawn XP
 C = Spawn XP percentage of total XP
 D = Spawn monster count
 E = Non-spawn monster count
 F = Spawn count percentage of total count
 G = Total turns spent on level
                    A         B        C        D         E        F      G
               +---------+---------+-------+---------+---------+-------+---------
         Total |       0 |      13 |   0.0 |       0 |       9 |   0.0 |   464
               +---------+---------+-------+---------+---------+-------+---------
           D:1 |       0 |      13 |   0.0 |       0 |       9 |   0.0 |   464
               +---------+---------+-------+---------+---------+-------+---------
